 Dungeon Crawl Stone Soup version 0.30-a0-347-gf58ed5266c (webtiles) character file.

Game seed: 12863245675103091984

2242 experimilk the Destroyer (level 9, 0/71 HPs)
             Began as a White Draconian Conjurer on Nov 5, 2022.
             Was a Follower of Vehumet.
             Killed by divine providence
             ... invoked by an orc priest
              (11 damage)
             ... on level 6 of the Dungeon.
             The game lasted 00:22:21 (8953 turns).

experimilk the Destroyer (White Draconian Conjurer) Turns: 8953, Time: 00:22:22

Health: 0/71       AC:  8    Str: 11    XL:     9   Next: 14%
Magic:  2/15       EV: 11    Int: 22    God:    Vehumet [*.....]
Gold:   344        SH:  4    Dex:  9    Spells: 9/16 levels left

rFire   . . .      SeeInvis .    e - +0 dagger (protect)
rCold   + . .      Faith    .    y - +2 buckler
rNeg    . . .      Spirit   .    (body armour unavailable)
rPois   .          Reflect  .    (helmet restricted)
rElec   .          Harm     .    J - +0 cloak
rCorr   .          Rampage  .    (no gloves)
Will    .....                    (no boots)
Stlth   ++........               (no amulet)
HPRegen 0.31/turn                (no ring)
MPRegen 0.14/turn                (no ring)

@: about to teleport, studying Throwing
A: breathe frost, AC +7, unfitting armour, cold resistance 1, cold-blooded
a: Breathe Frost, Renounce Religion


You were on level 6 of the Dungeon.
You worshipped Vehumet.
Vehumet was aware of your devotion.
You visited 2 branches of the dungeon, and saw 7 of its levels.

You collected 366 gold pieces.
You spent 22 gold pieces at shops.

Inventory:

Hand Weapons
 d - a +0 spear
 e - a +0 dagger of protection (weapon)
 h - a +0 short sword
 E - a +2 dagger of venom
 I - a +3 quarterstaff of chaos
Missiles
 F - 2 throwing nets
Armour
 y - a +2 buckler (worn)
 J - a +0 cloak (worn)
Jewellery
 c - an amulet of reflection
 i - a ring of see invisible
 s - an amulet of regeneration
 B - a +6 ring of strength
 G - a ring of fire
Wands
 A - a wand of quicksilver (6)
 H - a wand of iceblast (8)
Scrolls
 f - 2 scrolls of vulnerability
 g - a scroll of amnesia {unknown}
 j - 3 scrolls of butterflies
 m - a scroll of brand weapon {unknown}
 o - 2 scrolls of immolation {unknown}
 p - 2 scrolls of fear {unknown}
 q - 2 scrolls of enchant armour {unknown}
 u - 3 scrolls of poison {unknown}
 v - a scroll of teleportation
 w - 3 scrolls of enchant weapon
 C - a scroll of silence {unknown}
Potions
 a - a potion of magic
 b - 4 potions of curing
 k - 4 potions of attraction
 l - 3 potions of might
 n - a potion of lignification
 r - 2 potions of haste
 t - a potion of brilliance
 D - a potion of heal wounds {unknown}


   Skills:
 - Level 4.0 Fighting
 - Level 2.0 Dodging
 - Level 2.0 Stealth
 - Level 4.0 Spellcasting
 * Level 11.5 Conjurations


You had 9 spell levels left.
You knew the following spells:

 Your Spells              Type           Power      Damage    Failure   Level
a - Magic Dart            Conj           100%       1d8       1%          1
x - Iskenderun's Mystic   Conj/Tloc      29%        2d7       14%         4
z - Searing Ray           Conj           100%       2d8       1%          2

Your spell library contained the following spells:

 Spells                   Type           Power      Damage    Failure   Level
 Freeze                   Ice            16%        1d4       16%         1
 Dazzling Flash           Conj/Hex       58%        N/A       4%          3
 Mephitic Cloud           Conj/Pois/Air  21%        N/A       10%         3
 Fulminant Prism          Conj/Hex       14%        3d8       14%         4
 Call Imp                 Summ           4%         N/A       22%         2


Dungeon Overview and Level Annotations

Branches:
Dungeon (6/15)             Temple (1/1) D:5

Altars:
Ashenzari
Cheibriados
Elyvilon
Fedhas
Gozag
Hepliaklqana
Kikubaaqudgha
Makhleb
Nemelex Xobeh
Qazlal
Ru
Trog
Uskayaw
Vehumet
Wu Jian
Xom
Yredelemnul
The Shining One

Shops:
D:1 ((?   D:3 (   D:6 [

Annotations:
D:3 Natasha
D:6 Grinder


Innate Abilities, Weirdness & Mutations

You can breathe waves of freezing cold which knock back foes.
Your icy white scales are hard. (AC +7)
You cannot fit into any form of body armour.
Your flesh is cold resistant. (rC+)
You are cold-blooded and may be slowed by cold attacks.


Message History

The searing ray hits the orc priest.
The orc priest is moderately wounded. (Press . to maintain the ray.)
The orc priest hits you but does no damage.
The searing ray hits the orc priest.
The orc priest is heavily wounded.
Grinder blinks!
You block the orc priest's attack.
The searing ray hits the orc priest but does no damage.
The orc priest is heavily wounded.
The orc priest hits you with a +0 hand axe of electrocution.
Grinder gestures at you.
You suddenly lose the ability to move!
The orc priest calls down the wrath of Beogh upon you.
Beogh smites you!
* * * LOW HITPOINT WARNING * * *
Grinder says, "At least Makhleb appreciates what I'm doing."
Grinder zaps a wand.
The puff of flame hits you but does no damage.
You can move again.
As you read the scroll of teleportation, it crumbles to dust.
You feel strangely unstable.
The orc priest hits you but does no damage.
Grinder zaps a wand.
The puff of flame hits you!
* * * LOW HITPOINT WARNING * * *
Unknown command.
Casting: Searing Ray (safe; 1% risk of failure)
Confirm with . or Enter, or press ? or * to list all spells.
Aiming: Searing Ray (safe; 1% risk of failure)
Press: ? - help, Shift-Dir - straight line, f/p - orc priest
Aim: an orc priest, wielding a +0 hand axe of electrocution and wearing a +0 ring mail (heavily wounded, 85% to hit)
The searing ray hits the orc priest.
The orc priest is severely wounded. (Press . to maintain the ray.)
The orc priest closely misses you.
Unknown command.
The searing ray hits the orc priest but does no damage.
The orc priest is severely wounded.
The orc priest calls down the wrath of Beogh upon you.
Beogh smites you!
You die...

...#......## #...
#........$. #. ...#..
#......... #.#.# .. +..
#........ #.#.##.##
#.....# #.#.#...
#.....### ###.#.#.. #+#
#.......###......< #..
#...^##o.##......####.#..
#....###@.............#..
#....# ###..5....####.#..
###### #.......####....
#.........##.(..
#.......#.#.....
##......#.......
####.......>......
#.........#†......
#.........#.......


You could see Grinder and an orc priest.

Vanquished Creatures
  A troll (D:5)
  Prince Ribbit (D:5)
  A water moccasin (D:6)
  2 sky beasts
  An ogre (D:5)
  A lemure (D:5)
  3 phantoms (D:5)
  4 scorpions
  3 howler monkeys (D:5)
  2 hounds
  An orc priest (D:5)
  4 jellies
  Crazy Yiuf (D:5)
  Jessica (D:2)
  Natasha (D:3)
  3 iguanas (D:5)
  An orc wizard (D:3)
  7 adders
  29 gnolls
  A shadow imp (D:4)
  An ufetubus (D:5)
  A worm (D:4)
  4 dart slugs
  23 orcs
  2 bats
  5 endoplasms
  2 giant cockroaches
  5 goblins
  7 hobgoblins
  17 jackals
  3 quokkas
  4 ball pythons
  3 kobolds
  9 rats
154 creatures vanquished.

Vanquished Creatures (others)
  6 fungi (D:5)
  6 plants (D:5)
12 creatures vanquished.

Grand Total: 166 creatures vanquished

Notes
Turn   | Place    | Note
-------+----------+-------------------------------------------
     0 | D:1      | experimilk the Draconian Conjurer began the quest for the
                  | Orb.
     0 | D:1      | Reached XP level 1. HP: 14/14 MP: 3/3
     2 | D:1      | Noticed a vampire
     2 | D:1      | Noticed a troll
     4 | D:1      | Noticed a formicid
     4 | D:1      | Noticed a gargoyle
     6 | D:1      | Noticed a demonspawn
     6 | D:1      | Noticed a naga
     8 | D:1      | Noticed a ghoul
     8 | D:1      | Noticed an ogre
    10 | D:1      | Noticed a tengu
    10 | D:1      | Noticed an armataur
    12 | D:1      | Noticed a spriggan
    12 | D:1      | Noticed a human
    14 | D:1      | Noticed an elf
    16 | D:1      | Noticed a draconian
    18 | D:1      | Noticed a demigod
    20 | D:1      | Noticed a minotaur
    20 | D:1      | Noticed a vine stalker
    22 | D:1      | Noticed a merfolk
    22 | D:1      | Noticed a felid
    24 | D:1      | Noticed a meteoran
    24 | D:1      | Noticed a vampire
    26 | D:1      | Noticed a minotaur
    26 | D:1      | Noticed a troll
   257 | D:1      | Found Liw Boni's Magic Scroll Boutique.
   397 | D:1      | Bought a scroll of identify for 22 gold pieces
   425 | D:1      | Reached XP level 2. HP: 20/20 MP: 0/5
   489 | D:1      | Found Sasom Keebin's Antique Weapon Boutique.
   546 | D:1      | Found Aneth's Antique Weapon Shoppe.
   835 | D:2      | Upgraded the game from 0.30-a0-341-g682706514a to
                  | 0.30-a0-347-gf58ed5266c
   871 | D:2      | Learned a level 2 spell: Searing Ray
   954 | D:2      | Found a faded altar of an unknown god.
  1007 | D:2      | Reached skill level 5 in Conjurations
  1027 | D:2      | Reached XP level 3. HP: 26/26 MP: 2/6
  1468 | D:2      | Reached XP level 4. HP: 33/33 MP: 2/7
  1778 | D:2      | Noticed Jessica
  1781 | D:2      | Killed Jessica
  2271 | D:3      | Reached skill level 6 in Conjurations
  2339 | D:3      | Found an ornate altar of the Wu Jian Council.
  2502 | D:3      | Found Gucviepi's Weapon Boutique.
  2514 | D:3      | Noticed Natasha
  2517 | D:3      | Killed Natasha
  2644 | D:3      | Reached XP level 5. HP: 38/38 MP: 4/8
  2891 | D:3      | Found a white marble altar of Elyvilon.
  3099 | D:3      | Noticed Natasha
  3263 | D:4      | Reached skill level 7 in Conjurations
  3515 | D:4      | Reached XP level 6. HP: 45/45 MP: 2/9
  3928 | D:4      | Found a glowing golden altar of the Shining One.
  3928 | D:4      | Found an ancient bone altar of Kikubaaqudgha.
  4067 | D:4      | Reached skill level 8 in Conjurations
  4120 | D:4      | Learned a level 4 spell: Iskenderun's Mystic Blast
  4183 | D:5      | Entered Level 5 of the Dungeon
  4252 | D:5      | Noticed Prince Ribbit
  4256 | D:5      | Noticed a sky beast
  4394 | D:5      | Your scales start taking on an icy white colour.
  4394 | D:5      | Reached XP level 7. HP: 50/50 MP: 4/10
  4394 | D:5      | Gained mutation: Your flesh is cold resistant. (rC+) [White
                  | Draconian growth]
  4760 | D:5      | Reached skill level 9 in Conjurations
  5272 | D:5      | Found a staircase to the Ecumenical Temple.
  5311 | Temple   | Entered the Ecumenical Temple
  5581 | Temple   | Became a worshipper of Vehumet
  5909 | D:5      | Found a runed translucent door.
  5910 | D:5      | Noticed Crazy Yiuf
  5971 | D:5      | Reached skill level 10 in Conjurations
  5975 | D:5      | Killed Prince Ribbit
  5976 | D:5      | Reached XP level 8. HP: 56/61 MP: 0/12
  6795 | D:5      | Reached * piety under Vehumet
  6795 | D:5      | Offered knowledge of Freeze by Vehumet.
  7794 | D:5      | Noticed a troll
  7806 | D:5      | Killed a troll
  7995 | D:5      | Reached skill level 11 in Conjurations
  8244 | D:5      | Killed Crazy Yiuf
  8518 | D:6      | Reached XP level 9. HP: 62/71 MP: 10/15
  8538 | D:6      | Found Cothruoj's Antique Armour Shoppe.
  8931 | D:6      | Noticed Grinder
  8949 | D:6      | Paralysed by Grinder for 2 turns
  8953 | D:6      | Killed from afar by an orc priest

Illustrated notes

Levels and vault maps discovered:
D:1:      kb_arrival_jail, layout_basic, serial_shops, shop,
          nicolae_shop_temple_entry_statues_fountains, nicolae_shop_statue_plus,
          nicolae_kite_square_tiling_tiny
D:2:      layout_basic, shapermc_ecumenical_altar_starsandcircs,
          minmay_joined_circles, uniq_jessica
D:3:      layout_basic, nicolae_wu_jian_wuxing_cycle, elyvilon_altar_3,
          serial_shops, nicolae_shop_hallway_stairs, dk_noncrumbling_4,
          uniq_natasha
D:4:      layout_rooms, gammafunk_temple_overflow_wave
D:5:      lemuel_castle_with_subvaults [lemuel_castle_interior_original],
          layout_loops_ring, minmay_temple_entry_stoned_glass, uniq_pikel,
          uniq_crazy_yiuf_cottage, uniq_prince_ribbit1
D:6:      layout_basic, serial_shops, shop, uniq_grinder, uniq_menkaure,
          uniq_edmund, uniq_blork_the_orc
Temple:   minmay_temple_curvy_branch

Skill      XL: |  1  2  3  4  5  6  7  8 |
---------------+-------------------------+-----
Conjurations   | 5 6 7 8 10 11 | 11.5
Dodging        | 2 |  2.0
Fighting       | 2 4 |  4.0
Spellcasting   | 3 4 |  4.0
Stealth        | 2 |  2.0

Action                   |  1- 3 |  4- 6 |  7- 9 || total
-------------------------+-------+-------+-------++-------
Melee: Spear             |     3 |       |       ||     3
       Dagger            |    34 |    54 |   100 ||   188
       Tailslap          |     3 |     8 |    14 ||    25
 Cast: Magic Dart        |    54 |    50 |   139 ||   243
       Searing Ray       |     2 |    18 |    47 ||    67
       Iskenderun's Myst |       |       |     3 ||     3
  Use: Scroll            |     3 |     6 |     4 ||    13
       Potion            |       |       |     2 ||     2
Armor: Skin              |    17 |    27 |    57 ||   101
Dodge: Dodged            |    20 |    33 |    68 ||   121
Block: Buckler           |     2 |     8 |    26 ||    36

Table legend: (Time is in decaauts)
 A = Elapsed time spent in this place.
 B = Non-inter-level travel time spent in this place.
 C = Inter-level travel time spent in this place.
 D = Time resting spent in this place.
 E = Time spent auto-exploring this place.
 F = Levels seen in this place.
 G = Mean time per level.
                   A        B        C        D        E       F      G
               +--------+--------+--------+--------+--------+-----+--------+
         Total |   8967 |   8833 |    134 |   3569 |   3654 |   7 | 1281.0 |
       Dungeon |   8674 |   8540 |    134 |   3569 |   3409 |   6 | 1445.7 |
        Temple |    292 |    292 |      0 |      0 |    245 |   1 |  292.0 |
               +--------+--------+--------+--------+--------+-----+--------+

Top non-repeatable levels by time:
     D:5: 3829 daAuts
     D:2: 1584 daAuts
     D:4: 1066 daAuts
     D:3: 912 daAuts
     D:1: 681 daAuts
     D:6: 600 daAuts
  Temple: 292 daAuts
